TOP OF THE 1ST |
Cincinnati Reds batting - Pitching for Chicago Cubs : LHP Unkei Wakamatsu
|
Pitching: LHP Unkei Wakamatsu
|
|
Batting: RHB Willie Lazcano
|
0-0: Reached via error on a dropped throw from 1B, E1 (Groundball, 34, EV 103.1 MPH)
|
Batting: LHB Sean Geisler
|
0-0: Ball Willie Lazcano steals 2nd base 1-0: Ball 2-0: Fly out, F9 (Flyball, 9, EV 89.4 MPH)
|
Batting: RHB Bruno André
|
0-0: Called Strike 0-1: Foul Ball, location: 2F 0-2: Strikes out swinging
|
Batting: SHB Saulo Maina
|
0-0: Ground out 1-3 (Groundball, 13S, EV 60.6 MPH)
|
Top of the 1st over - 0 runs, 0 hits, 1 error, 1 left on base; Cincinnati 0 - Chicago 0 |
BOTTOM OF THE 1ST |
Chicago Cubs batting - Pitching for Cincinnati Reds : RHP Marshall Barron
|
Pitching: RHP Marshall Barron
|
|
Batting: RHB Yasuhide Kasahara
|
0-0: Ball 1-0: Ground out 1-3 (Groundball, 34S, EV 76.2 MPH)
|
Batting: RHB Kaeo Zirpoli
|
0-0: Called Strike 0-1: Ball 1-1: Fly out, F8 (Line Drive, 8LM, EV 93.1 MPH)
|
Batting: RHB Efrain Vargas
|
0-0: Ball 1-0: Foul Ball, location: 2F 1-1: Foul Ball, location: 2F 1-2: Ball 2-2: Ball 3-2: Fly out, F8 (Flyball, 8RXD, EV 90.6 MPH)
|
Bottom of the 1st over - 0 runs, 0 hits, 0 errors, 0 left on base; Cincinnati 0 - Chicago 0 |
TOP OF THE 2ND |
Cincinnati Reds batting - Pitching for Chicago Cubs : LHP Unkei Wakamatsu
|
Batting: SHB Dave Barefoot
|
0-0: Ball 1-0: Ball 2-0: Ball 3-0: Foul Ball, location: 2F 3-1: Called Strike 3-2: Strikes out looking
|
Batting: LHB Jon Ledesma
|
0-0: Ball 1-0: Ball 2-0: Called Strike 2-1: SINGLE (Flyball, 9S, EV 88.8 MPH)
|
Batting: RHB Joseph Kirchmann
|
0-0: Called Strike 0-1: Ball 1-1: Swinging Strike 1-2: Fly out, F8 (Flyball, 8RM, EV 83.8 MPH)
|
Batting: RHB Fred Slade
|
0-0: Ball 1-0: Called Strike 1-1: Fielders Choice at 2nd, 6-4 (Groundball, 6, EV 86.2 MPH)
|
Top of the 2nd over - 0 runs, 1 hit, 0 errors, 1 left on base; Cincinnati 0 - Chicago 0 |
BOTTOM OF THE 2ND |
Chicago Cubs batting - Pitching for Cincinnati Reds : RHP Marshall Barron
|
Batting: RHB Josh Kalman
|
0-0: Ground out 5-3 (Groundball, 56, EV 104.4 MPH)
|
Batting: LHB Kevin Norton
|
0-0: Called Strike 0-1: Ground out 4-3 (Groundball, 4, EV 81.9 MPH)
|
Batting: RHB Elijah Campbell
|
0-0: Foul Ball, location: 2F 0-1: Swinging Strike 0-2: Strikes out swinging
|
Bottom of the 2nd over - 0 runs, 0 hits, 0 errors, 0 left on base; Cincinnati 0 - Chicago 0 |
TOP OF THE 3RD |
Cincinnati Reds batting - Pitching for Chicago Cubs : LHP Unkei Wakamatsu
|
Batting: RHB Omar Quintana
|
0-0: Called Strike 0-1: Ball 1-1: Swinging Strike 1-2: Strikes out swinging
|
Batting: RHB Willie Lazcano
|
0-0: Called Strike 0-1: Ball 1-1: Swinging Strike 1-2: Ball 2-2: Foul Ball, location: 2F 2-2: Ball 3-2: Base on Balls
|
Batting: LHB Sean Geisler
|
0-0: Called Strike 0-1: Ball 1-1: Ball 2-1: Fielders Choice at 2nd, 4-6 (Groundball, 4, EV 87.5 MPH)
|
Batting: RHB Bruno André
|
0-0: Ball 1-0: Fly out, F8 (Flyball, 8LXD, EV 84.4 MPH)
|
Top of the 3rd over - 0 runs, 0 hits, 0 errors, 1 left on base; Cincinnati 0 - Chicago 0 |
BOTTOM OF THE 3RD |
Chicago Cubs batting - Pitching for Cincinnati Reds : RHP Marshall Barron
|
Batting: RHB Will Leslie
|
0-0: Called Strike 0-1: Foul Ball, location: 2F 0-2: Foul Ball, location: 2F 0-2: SOLO HOME RUN (Flyball, 7D, EV 97.5 MPH), Distance : 384 ft
|
Batting: RHB Steve Bui
|
0-0: Swinging Strike 0-1: Called Strike 0-2: Ball 1-2: Foul Ball, location: 2F 1-2: Foul Ball, location: 2F 1-2: Ball 2-2: Strikes out swinging
|
Batting: SHB Seung-ho Zhang
|
0-0: Ball 1-0: Called Strike 1-1: Foul Ball, location: 2F 1-2: Ball 2-2: Ball 3-2: Fly out, F8 (Line Drive, 8LM, EV 101.2 MPH)
|
Batting: RHB Yasuhide Kasahara
|
0-0: DOUBLE (Flyball, 89XD, EV 98.8 MPH)
|
Batting: RHB Kaeo Zirpoli
|
0-0: Ball 1-0: SINGLE (Groundball, 56S, EV 63.1 MPH) (infield hit) Yasuhide Kasahara to third
|
Batting: RHB Efrain Vargas
|
0-0: Called Strike 0-1: Ball 1-1: Swinging Strike 1-2: Ball 2-2: Foul Ball, location: 2F 2-2: Ball 3-2: Foul Ball, location: 2F 3-2: Fly out, F8 (Line Drive, 8RD, EV 93.1 MPH)
|
Bottom of the 3rd over - 1 run, 3 hits, 0 errors, 2 left on base; Cincinnati 0 - Chicago 1 |
TOP OF THE 4TH |
Cincinnati Reds batting - Pitching for Chicago Cubs : LHP Unkei Wakamatsu
|
Batting: SHB Saulo Maina
|
0-0: Ball 1-0: Called Strike 1-1: Ground out 6-3 (Groundball, 6, EV 106.2 MPH)
|
Batting: SHB Dave Barefoot
|
0-0: Called Strike 0-1: Ball 1-1: Swinging Strike 1-2: Strikes out swinging
|
Batting: LHB Jon Ledesma
|
0-0: Called Strike 0-1: Foul Ball, location: 2F 0-2: Ball 1-2: Foul Ball, location: 2F 1-2: Foul Ball, location: 2F 1-2: Strikes out swinging
|
Top of the 4th over - 0 runs, 0 hits, 0 errors, 0 left on base; Cincinnati 0 - Chicago 1 |
BOTTOM OF THE 4TH |
Chicago Cubs batting - Pitching for Cincinnati Reds : RHP Marshall Barron
|
Batting: RHB Josh Kalman
|
0-0: Called Strike 0-1: Swinging Strike 0-2: Strikes out swinging
|
Batting: LHB Kevin Norton
|
0-0: Called Strike 0-1: Called Strike 0-2: Ground out 6-3 (Groundball, 6M, EV 83.8 MPH)
|
Batting: RHB Elijah Campbell
|
0-0: SINGLE (Line Drive, 7S, EV 103.8 MPH)
|
Batting: RHB Will Leslie
|
0-0: Ball 1-0: Called Strike 1-1: Swinging Strike 1-2: Foul Ball, location: 2F 1-2: Strikes out swinging
|
Bottom of the 4th over - 0 runs, 1 hit, 0 errors, 1 left on base; Cincinnati 0 - Chicago 1 |
TOP OF THE 5TH |
Cincinnati Reds batting - Pitching for Chicago Cubs : LHP Unkei Wakamatsu
|
Batting: RHB Joseph Kirchmann
|
0-0: Called Strike 0-1: Foul Ball, location: 2F 0-2: Ball 1-2: Ball 2-2: Ball 3-2: SINGLE (Groundball, 56D, EV 97.5 MPH)
|
Batting: RHB Fred Slade
|
0-0: 2-RUN HOME RUN (Flyball, 7D, EV 100.0 MPH), Distance : 380 ft
|
Batting: RHB Omar Quintana
|
0-0: DOUBLE (Groundball, 5L, EV 107.5 MPH)
|
Batting: RHB Willie Lazcano
|
0-0: Ball 1-0: Called Strike 1-1: Ball 2-1: Called Strike 2-2: Strikes out swinging
|
Batting: LHB Sean Geisler
|
0-0: Ball 1-0: Swinging Strike 1-1: Ball 2-1: Foul Ball, location: 2F 2-2: Strikes out swinging
|
Batting: RHB Bruno André
|
0-0: Ball 1-0: Ball 2-0: Called Strike 2-1: Swinging Strike 2-2: Ball 3-2: Ground out 5-3 (Groundball, 56S, EV 86.2 MPH)
|
Top of the 5th over - 2 runs, 3 hits, 0 errors, 1 left on base; Cincinnati 2 - Chicago 1 |
BOTTOM OF THE 5TH |
Chicago Cubs batting - Pitching for Cincinnati Reds : RHP Marshall Barron
|
Batting: RHB Steve Bui
|
0-0: Called Strike 0-1: Swinging Strike 0-2: Ball 1-2: Ball 2-2: Strikes out swinging
|
Batting: SHB Seung-ho Zhang
|
0-0: Ball 1-0: Swinging Strike 1-1: Swinging Strike 1-2: Strikes out looking
|
Batting: RHB Yasuhide Kasahara
|
0-0: Called Strike 0-1: SINGLE (Groundball, 6M, EV 94.4 MPH)
|
Batting: RHB Kaeo Zirpoli
|
0-0: Ball Yasuhide Kasahara steals 2nd base 1-0: Foul Ball, location: 2F 1-1: Called Strike 1-2: Foul Ball, location: 2F 1-2: Ground out 6-3 (Groundball, 6, EV 86.9 MPH)
|
Bottom of the 5th over - 0 runs, 1 hit, 0 errors, 1 left on base; Cincinnati 2 - Chicago 1 |
TOP OF THE 6TH |
Cincinnati Reds batting - Pitching for Chicago Cubs : LHP Unkei Wakamatsu
|
Batting: SHB Saulo Maina
|
0-0: Ball 1-0: Called Strike 1-1: Fly out, F8 (Flyball, 8RXD, EV 76.2 MPH)
|
Batting: SHB Dave Barefoot
|
0-0: Called Strike 0-1: Ball 1-1: Ball 2-1: Ground out 6-3 (Groundball, 6, EV 85.6 MPH)
|
Batting: LHB Jon Ledesma
|
0-0: Ball 1-0: Foul Ball, location: 2F 1-1: Ball 2-1: Ball 3-1: Foul Ball, location: 2F 3-2: Strikes out swinging
|
Top of the 6th over - 0 runs, 0 hits, 0 errors, 0 left on base; Cincinnati 2 - Chicago 1 |
BOTTOM OF THE 6TH |
Chicago Cubs batting - Pitching for Cincinnati Reds : RHP Marshall Barron
|
Batting: RHB Efrain Vargas
|
0-0: Ball 1-0: Ball 2-0: Ball 3-0: Called Strike 3-1: Base on Balls
|
Batting: RHB Josh Kalman
|
Pickoff Throw to First - Out! 1-3 0-0: Ball 1-0: Swinging Strike 1-1: Ball 2-1: SINGLE (Flyball, 8LS, EV 88.8 MPH)
|
Batting: LHB Kevin Norton
|
0-0: Called Strike 0-1: Ball 1-1: Ball 2-1: Grounds into double play, 4-6-3 (Groundball, 34, EV 77.5 MPH)
|
Bottom of the 6th over - 0 runs, 1 hit, 0 errors, 0 left on base; Cincinnati 2 - Chicago 1 |
TOP OF THE 7TH |
Cincinnati Reds batting - Pitching for Chicago Cubs : LHP Unkei Wakamatsu
|
Batting: RHB Joseph Kirchmann
|
0-0: Foul Ball, location: 2F 0-1: Swinging Strike 0-2: Ball 1-2: Strikes out swinging
|
Batting: RHB Fred Slade
|
0-0: Swinging Strike 0-1: Swinging Strike 0-2: Strikes out looking
|
Batting: RHB Omar Quintana
|
0-0: Ball 1-0: Called Strike 1-1: Ball 2-1: Ball 3-1: Foul Ball, location: 2F 3-2: Strikes out swinging
|
Top of the 7th over - 0 runs, 0 hits, 0 errors, 0 left on base; Cincinnati 2 - Chicago 1 |
BOTTOM OF THE 7TH |
Chicago Cubs batting - Pitching for Cincinnati Reds : RHP Marshall Barron
|
Batting: RHB Elijah Campbell
|
0-0: Ball 1-0: Foul Ball, location: 2F 1-1: Fly out, F4 (Line Drive, 4, EV 75.0 MPH)
|
Batting: RHB Will Leslie
|
0-0: Ball 1-0: SOLO HOME RUN (Flyball, 7LD, EV 96.9 MPH), Distance : 374 ft
|
Batting: RHB Steve Bui
|
0-0: SINGLE (Line Drive, 8RS, EV 95.0 MPH)
|
Batting: SHB Seung-ho Zhang
|
0-0: Ball 1-0: Foul Ball, location: 2F 1-1: Ball 2-1: Foul Ball, location: 2F 2-2: Strikes out swinging
|
Pitching: RHP Westin Silveira
|
|
Batting: RHB Yasuhide Kasahara
|
0-0: Fly out, F7 (Flyball, 7LM, EV 96.2 MPH)
|
Bottom of the 7th over - 1 run, 2 hits, 0 errors, 1 left on base; Cincinnati 2 - Chicago 2 |
TOP OF THE 8TH |
Cincinnati Reds batting - Pitching for Chicago Cubs : LHP Unkei Wakamatsu
|
Batting: RHB Willie Lazcano
|
0-0: Ball 1-0: Ball 2-0: Ground out 4-3 (Groundball, 4, EV 89.4 MPH)
|
Pitching: LHP George Poirier
|
|
Batting: LHB Sean Geisler
|
0-0: Ball 1-0: Ball 2-0: Ground out 5-3 (Groundball, 56, EV 79.4 MPH)
|
Batting: RHB Bruno André
|
0-0: Ball 1-0: Fly out, F7 (Flyball, 7LS, EV 83.1 MPH)
|
Top of the 8th over - 0 runs, 0 hits, 0 errors, 0 left on base; Cincinnati 2 - Chicago 2 |
BOTTOM OF THE 8TH |
Chicago Cubs batting - Pitching for Cincinnati Reds : RHP Westin Silveira
|
Batting: RHB Kaeo Zirpoli
|
0-0: Ball 1-0: Called Strike 1-1: Foul Ball, location: 2F 1-2: Strikes out looking
|
Batting: RHB Efrain Vargas
|
0-0: Called Strike 0-1: Ball 1-1: Fly out, F9 (Line Drive, 9, EV 91.9 MPH)
|
Batting: RHB Josh Kalman
|
0-0: Called Strike 0-1: Foul Ball, location: 2F 0-2: Strikes out swinging
|
Bottom of the 8th over - 0 runs, 0 hits, 0 errors, 0 left on base; Cincinnati 2 - Chicago 2 |
TOP OF THE 9TH |
Cincinnati Reds batting - Pitching for Chicago Cubs : LHP George Poirier
|
Batting: SHB Saulo Maina
|
0-0: Fly out, F7 (Flyball, 7LD, EV 102.5 MPH)
|
Batting: SHB Dave Barefoot
|
0-0: Called Strike 0-1: Called Strike 0-2: Ball 1-2: Fly out, F9 (Flyball, 9S, EV 89.4 MPH)
|
Batting: LHB Jon Ledesma
|
0-0: Ball 1-0: Fly out, F8 (Flyball, 8LM, EV 81.9 MPH)
|
Top of the 9th over - 0 runs, 0 hits, 0 errors, 0 left on base; Cincinnati 2 - Chicago 2 |
BOTTOM OF THE 9TH |
Chicago Cubs batting - Pitching for Cincinnati Reds : RHP Westin Silveira
|
Batting: LHB Kevin Norton
|
0-0: Ball 1-0: DOUBLE (Groundball, 5L, EV 104.4 MPH)
|
Batting: RHB Elijah Campbell
|
0-0: 2-RUN HOME RUN (Flyball, 7D, EV 100.6 MPH), Distance : 393 ft
|
Bottom of the 9th over - 2 runs, 2 hits, 0 errors, 0 left on base; Cincinnati 2 - Chicago 4 |
|
Game Over ... Chicago defeats Cincinnati, 4 to 2
|
|
|